 Dungeon Crawl Stone Soup version 0.17.1-3-g152610e (webtiles) character file.

196 nikopol the Poker (level 5, -6/47 HPs)
             Began as a Minotaur Berserker on Apr 21, 2016.
             Was a Believer of Trog.
             Mangled by a mummy (16 damage)
             ... in an ossuary.
             The game lasted 00:04:59 (2454 turns).

nikopol the Poker (Minotaur Berserker)              Turns: 2454, Time: 00:04:59

Health: -6/47      AC:  8    Str: 22    XL:     5   Next: 46%
Magic:  4/4        EV: 12    Int:  4    God:    Trog [**....]
Gold:   233        SH:  0    Dex: 10    Spells: 0 memorised, 4 levels left

rFire  . . .     SeeInvis .     a - +0 spear
rCold  . . .     Clarity  .     i - +0 ring mail
rNeg   . . .     SustAt   .     (no shield)
rPois  .         Gourm    .     n - +1 hat
rElec  .         Spirit   .     d - +0 cloak
rCorr  .         Warding  .     (no gloves)
rMut   .         Stasis   .     (no boots)
MR     .....                    (no amulet)
Stlth  ..........               (no ring)
                                (no ring)

@: exhausted, slowed, very slow, not resistant to hostile enchantments,
extremely unstealthy
A: retaliatory headbutt, horns 2
a: Berserk, Trog's Hand, Burn Spellbooks, Renounce Religion


You were in an ossuary.
You worshipped Trog.
Trog was pleased with you.
You were hungry.

You visited 1 branch of the dungeon, and saw 4 of its levels.
You also visited: Ossuary.

You collected 233 gold pieces.

Inventory:

Hand Weapons
 a - a +0 spear (weapon)
Armour
 b - a +0 animal skin
 d - a +0 cloak (worn)
 i - a +0 ring mail (worn)
 n - a +1 hat (worn)
Scrolls
 e - 3 scrolls of remove curse {unknown}
 j - 3 scrolls of identify {unknown}
 l - 2 scrolls of immolation {unknown}
 r - a scroll of random uselessness {unknown}
 v - a scroll of amnesia {unknown}
 w - a scroll of blinking {unknown}
Potions
 f - a potion of heal wounds {unknown}
 h - 2 potions of curing {unknown}
 t - a potion of degeneration {unknown}
 u - a potion of resistance {unknown}
Comestibles
 c - 3 bread rations
 m - a beef jerky
 o - a meat ration


   Skills:
 + Level 4.7 Fighting
 + Level 5.0 Polearms
 + Level 4.0 Armour
 + Level 3.5 Dodging


You had 4 spell levels left.
You didn't know any spells.

Dungeon Overview and Level Annotations

Branches:
Dungeon (4/15)             Temple (0/1) D:4

Altars:
Nemelex Xobeh
Qazlal


Innate Abilities, Weirdness & Mutations

You reflexively headbutt those who attack you in melee.
You have a pair of horns on your head.


Message History

The mummy is moderately damaged.
The mummy hits you.
* * * LOW HITPOINT WARNING * * *
You hit the mummy.
The mummy is heavily damaged.
You hit the mummy but do no damage.
The mummy is heavily damaged.
The mummy closely misses you.
You hit the mummy.
The mummy is heavily damaged.
The mummy hits you but does no damage.
You hit the mummy.
The mummy is severely damaged.
You barely miss the mummy.
The mummy is severely damaged.
The mummy splashes around in the water.
You hit the mummy. You headbutt the mummy.
The mummy is almost destroyed.
The mummy hits you!
You die...

# #. ##≈≈
#####
#≈...#@.∩#
#≈M.∩.#
+≈#...#
#≈##### +


You could see a mummy.

Vanquished Creatures
  A bog body (Ossuary)
  An orc wizard (D:3)
  A mummy (Ossuary)
  2 adders (D:2)
  4 gnolls (D:2)
  2 worms (D:3)
  2 giant geckos (D:3)
  9 orcs (D:3)
  2 giant cockroaches (D:3)
  3 goblins
  A hobgoblin (D:3)
  13 jackals
  A ball python (D:1)
  3 bats
  4 giant newts
  A goblin zombie (D:4)
  5 kobolds
  A quokka zombie (D:4)
  4 rats
60 creatures vanquished.

Vanquished Creatures (others)
  A plant (Ossuary)
1 creature vanquished.

Grand Total: 61 creatures vanquished

Notes
Turn   | Place    | Note
--------------------------------------------------------------
     0 | D:1      | nikopol the Minotaur Berserker began the quest for the Orb.
     0 | D:1      | Reached XP level 1. HP: 19/19 MP: 0/0
   756 | D:1      | Reached XP level 2. HP: 27/27 MP: 1/1
   866 | D:2      | Found a sparkling altar of Nemelex Xobeh.
   868 | D:2      | Reached skill level 4 in Polearms
   913 | D:2      | Reached XP level 3. HP: 33/33 MP: 2/2
  1244 | D:2      | Reached ** piety under Trog
  1257 | D:2      | Reached XP level 4. HP: 40/40 MP: 3/3
  1323 | D:2      | Found a stormy altar of Qazlal.
  2134 | D:3      | Reached XP level 5. HP: 30/47 MP: 4/4
  2356 | D:4      | Found a staircase to the Ecumenical Temple.
  2405 | D:4      | Found a sand-covered staircase.
  2423 | Ossuary  | Entered an ossuary
  2430 | Ossuary  | Reached skill level 5 in Polearms
  2454 | Ossuary  | Mangled by a mummy

Action                   |  1- 3 |  4- 6 || total
-------------------------+-------+-------++-------
Melee: Spear             |    62 |   126 ||   188
Invok: Berserk           |     1 |     1 ||     2
  Use: Scroll            |       |     4 ||     4
 Stab: Distracted        |       |     1 ||     1
  Eat: Chunk             |     2 |     4 ||     6
